Map: [ESL] Ancient Cistern

Players

Harstem

  • Race: Protoss Protoss
  • League: Master
  • Spawn Location: 7:00

Reynor - Winner!

  • Race: Zerg Zerg
  • League: Master
  • Spawn Location: 1:00

Event: HomeStory Cup XXIII

VOD

Have the link to the VOD?

Description

Time

  • Played on: June 30, 2023, 7:41 a.m.
  • Length: 30:26

All games in this series

Show
View Real Time Build Order
Export as new Build Order

Harstem Protoss 

Build Orders: 1 Gate Expand 

Get SALT Encoding   

  12  0:00  Probe  
  13  0:12  Probe  
  14  0:18  Pylon  
  14  0:24  Probe (Chrono Boost)  
  15  0:36  Probe (Chrono Boost)  
  15  0:37  Gateway  
  16  0:44  Probe (Chrono Boost)  
  16  0:47  Assimilator  
  17  0:51  Probe  
  18  1:03  Probe  
  19  1:15  Probe  
  20  1:21  Nexus  
  20  1:31  Cybernetics Core  
  20  1:39  Assimilator  
  21  1:44  Zealot (Chrono Boost)  
  22  2:03  Pylon  
  22  2:08  Probe  
  21  2:40  Adept (Chrono Boost)  
  23  2:47  Probe  
  23  2:50  Probe  
  25  3:00  Probe  
  25  3:02  Probe, Adept (Chrono Boost)  
  29  3:12  Probe (Chrono Boost)  
  30  3:19  Probe (Chrono Boost)  
  31  3:23  Probe (Chrono Boost)  
  31  3:25  Warp Gate  
  33  3:28  Probe x2 (Chrono Boost)  
  36  3:38  Probe (Chrono Boost)  
  38  3:41  Probe (Chrono Boost)  
  36  3:50  Probe (Chrono Boost)  
  36  3:52  Stargate  
  36  3:55  Probe (Chrono Boost)  
  38  3:56  Nexus, Probe (Chrono Boost)  
  39  4:03  Probe  
  39  4:04  Probe  
  43  4:13  Gateway  
  43  4:14  Stalker  
  43  4:15  Probe  
  44  4:17  Probe  
  44  4:23  Pylon  
  45  4:24  Pylon  
  45  4:27  Probe  
  46  4:38  Oracle (Chrono Boost)  
  46  4:41  Probe x2  
  51  4:47  Twilight Council  
  51  4:52  Gateway x2  
  51  4:53  Probe (Chrono Boost)  
  51  4:55  Probe (Chrono Boost)  
  53  5:01  Pylon  
  53  5:04  Assimilator  
  53  5:05  Probe (Chrono Boost)  
  53  5:07  Assimilator  
  55  5:11  Probe x2 (Chrono Boost)  
  57  5:14  Probe (Chrono Boost)  
  57  5:15  Stalker x2  
  57  5:18  Probe (Chrono Boost)  
  57  5:20  Probe (Chrono Boost)  
  64  5:21  Probe (Chrono Boost)  
  64  5:25  Blink (Chrono Boost)  
  65  5:30  Probe  
  65  5:31  Probe  
  65  5:34  Pylon, Probe  
  67  5:42  Stalker  
  69  5:43  Probe x2  
  69  5:46  Pylon, Probe  
  69  5:49  Stalker  
  74  5:50  Stalker  
  74  5:55  Probe x2  
  78  5:57  Stalker  
  78  5:58  Probe  
  81  6:05  Stalker  
  81  6:07  Probe  
  81  6:08  Probe  
  81  6:10  Probe  
  86  6:13  Pylon  
  86  6:15  Stalker x2  
  86  6:17  Assimilator  
  90  6:19  Probe  
  90  6:20  Probe  
  90  6:22  Stalker, Assimilator  
  94  6:26  Pylon, Probe, Forge  
  94  6:31  Probe  
  96  6:33  Stalker  
  96  6:34  Probe  
  96  6:44  Stalker x2  
  96  6:46  Probe x3  
  101  6:50  Stalker  
  101  6:52  Protoss Ground Weapons Level 1 (Chrono Boost), Templar Archives  
  101  6:57  Gateway  
  101  6:59  Gateway  
  101  7:01  Zealot  
  101  7:05  Photon Cannon  
  103  7:09  Shield Battery, Zealot  
  103  7:10  Oracle (Chrono Boost)  
  108  7:18  Stalker x2  
  108  7:20  Charge (Chrono Boost)  
  108  7:21  Gateway  
  108  7:22  Psionic Storm, Gateway  
  112  7:25  Probe  
  113  7:34  Pylon  
  113  7:40  Probe  
  113  7:41  Robotics Facility  
  114  7:49  High Templar  
  116  7:53  Nexus  
  116  7:56  Pylon, Probe  
  116  7:57  Probe  
  116  7:58  Pylon, Zealot x3  
  124  8:01  Pylon  
  124  8:03  Probe  
  125  8:10  Pylon  
  125  8:14  Probe  
  125  8:15  Probe  
  125  8:16  Probe  
  125  8:18  High Templar x3  
  134  8:24  Gateway  
  134  8:25  Pylon  
  134  8:26  Photon Cannon  
  128  8:27  Probe  
  128  8:29  Shield Battery  
  128  8:30  Photon Cannon  
  128  8:33  Gateway  
  129  8:35  Gateway  
  129  8:36  High Templar, Assimilator  
  129  8:41  Assimilator  
  131  8:42  Sentry, High Templar  
  131  8:43  Zealot x2  
  131  8:44  Probe  
  131  8:47  Probe, Forge  
  141  8:53  Protoss Ground Weapons Level 2 (Chrono Boost), Probe  
  142  8:56  Warp Prism (Chrono Boost)  
  144  9:03  Zealot x3  
  150  9:16  Probe  
  151  9:22  Zealot, High Templar x2  
  151  9:23  Zealot x3  
  163  9:29  Immortal (Chrono Boost), Protoss Ground Armor Level 1 (Chrono Boost)  
  165  9:35  Pylon  
  165  9:38  High Templar x2  
  167  9:39  Pylon  
  167  9:42  Archon  
  167  9:45  Photon Cannon  
  167  9:46  Photon Cannon  
  167  9:49  Observer (Chrono Boost)  
  167  9:50  Zealot x2  
  167  9:52  Zealot x4  
  180  9:58  Pylon  
  180  10:00  Pylon  
  180  10:05  Probe  
  181  10:08  Fleet Beacon  
  181  10:12  Stargate  
  181  10:15  Protoss Air Weapons Level 1 (Chrono Boost)  
  179  10:24  Zealot x7  
  185  10:43  Immortal (Chrono Boost), Zealot x4  
  185  10:56  Archon  
  175  10:57  Stalker x3  
  175  10:58  Stalker x4  
  171  11:10  Zealot x4  
  179  11:12  Immortal (Chrono Boost)  
  183  11:23  Stalker x2  
  183  11:24  Zealot x3  
  183  11:32  High Templar x2  
  185  11:43  Protoss Ground Armor Level 2 (Chrono Boost), High Templar  
  185  11:45  Gateway  
  185  11:46  Photon Cannon  
  193  11:50  Tempest (Chrono Boost)  
  193  11:52  Pylon  
  193  11:53  Tempest (Chrono Boost), Protoss Ground Weapons Level 3 (Chrono Boost)  
  191  12:03  Photon Cannon  
  189  12:09  Pylon  
  189  12:11  Photon Cannon  
  189  12:12  Photon Cannon  
  186  12:16  Observer (Chrono Boost)  
  186  12:18  Photon Cannon, Mothership  
  194  12:28  Protoss Air Weapons Level 2 (Chrono Boost)  
  192  12:37  Zealot x4  
  192  12:39  Zealot x3  
  179  12:52  Tempest x2  
  179  12:57  High Templar  
  191  12:59  Photon Cannon  
  191  13:00  High Templar  
  191  13:02  Sentry  
  191  13:03  Photon Cannon  
  191  13:05  Immortal (Chrono Boost)  
  199  13:25  Zealot x7  
  199  13:33  Nexus  
  199  13:34  Pylon  
  199  13:39  Photon Cannon  
  195  13:42  Photon Cannon  
  195  13:45  Shield Battery  
  185  13:55  Observer  
  186  13:56  Zealot x5  
  184  14:16  Tempest  
  187  14:22  Photon Cannon, Tempest  
  192  14:25  Photon Cannon x2  
  192  14:29  Shield Battery  
  192  14:30  Photon Cannon  
  192  14:31  Pylon  
  192  14:33  Photon Cannon  
  192  14:34  Photon Cannon, Zealot  
  192  14:35  Photon Cannon  
  192  14:37  Photon Cannon  
  192  14:38  Photon Cannon  
  194  14:40  Photon Cannon, Shield Battery  
  194  14:43  Pylon  
  194  14:46  Photon Cannon, Zealot x3  
  186  15:05  High Templar  
  186  15:06  High Templar x5  
  198  15:16  Archon x3  
  190  15:24  Protoss Ground Armor Level 3 (Chrono Boost)  
  190  15:25  Void Ray (Chrono Boost), Protoss Shields Level 1 (Chrono Boost)  
  196  15:32  Photon Cannon  
  196  15:33  Void Ray (Chrono Boost)  
  196  15:37  Pylon  
  196  15:38  Protoss Air Weapons Level 3 (Chrono Boost)  
  196  15:44  Photon Cannon  
  196  15:47  Observer  
  196  15:52  Observer  
  197  16:05  Pylon  
  197  16:18  Stalker  
  191  16:32  Sentry, Nexus, Zealot  
  195  16:38  Photon Cannon  
  194  16:43  Photon Cannon  
  194  16:55  High Templar x2  
  194  17:00  Archon  
  198  17:09  Unknown  
  193  17:17  Zealot  
  193  17:18  Zealot x2  
  196  17:34  Photon Cannon, Zealot  
  196  17:35  Zealot  
  196  17:36  Photon Cannon  
  200  17:39  Photon Cannon  
  200  17:42  Photon Cannon  
  200  17:43  Photon Cannon  
  198  17:44  Shield Battery  
  198  17:46  Observer (Chrono Boost)  
  198  17:49  Tempest (Chrono Boost)  
  194  17:58  Oracle (Chrono Boost)  
  189  18:02  Assimilator  
  170  18:20  Immortal (Chrono Boost)  
  170  18:21  Stargate  
  170  18:24  Photon Cannon  
  174  18:27  Zealot x2  
  174  18:28  Tempest (Chrono Boost)  
  182  18:42  Protoss Air Armor Level 1 (Chrono Boost)  
  182  18:46  Tempest (Chrono Boost)  
  175  18:55  Stargate  
  175  18:59  Stargate  
  178  19:03  Oracle (Chrono Boost)  
  178  19:04  Zealot x7  
  178  19:05  Zealot x4  
  200  19:10  Observer  
  200  19:29  Zealot x4  
  200  19:51  Assimilator  
  196  20:04  Zealot x5  
  194  20:10  High Templar  
  196  20:15  Oracle x2  
  193  20:30  Protoss Shields Level 2 (Chrono Boost), Photon Cannon  
  193  20:33  Photon Cannon  
  193  20:35  Photon Cannon, Observer  
  193  20:36  Photon Cannon  
  193  20:38  Pylon  
  193  20:39  Zealot x2  
  193  20:40  Zealot  
  199  20:43  Protoss Air Armor Level 2 (Chrono Boost), Observer  
  193  21:32  Mothership  
  196  21:35  Tempest (Chrono Boost)  
  196  21:37  Carrier x2 (Chrono Boost)  
  193  21:50  Carrier (Chrono Boost)  
  193  21:51  Oracle (Chrono Boost)  
  196  22:08  Photon Cannon  
  194  22:16  Nexus  
  194  22:17  Pylon  
  167  22:28  Zealot x9  
  180  22:57  High Templar x4  
  180  22:58  High Templar x3  
  192  22:59  High Templar x2  
  192  23:01  Archon  
  192  23:02  Archon x2  
  192  23:03  Archon  
  192  23:05  High Templar  
  200  23:21  Observer  
  198  23:44  Observer  
  198  24:02  Nexus  
  198  24:06  Observer (Chrono Boost)  
  192  24:20  Zealot x4  
  200  24:28  Oracle  
  192  24:49  High Templar x3  
  169  25:41  Immortal  
  169  25:43  Carrier (Chrono Boost)  
  169  25:48  High Templar  
  169  25:49  High Templar x3  
  185  25:52  Carrier (Chrono Boost)  
  185  25:56  Archon x2  
  167  26:39  High Templar x2  
  170  26:40  High Templar x2  
  170  26:45  Archon x2  
  163  26:54  Tempest (Chrono Boost)  
  163  26:55  Tempest (Chrono Boost)  
  165  27:17  Oracle  
  165  27:25  Zealot  
  162  28:01  Tempest  
  156  28:32  High Templar  
  156  28:33  Zealot  
  156  28:34  Zealot x4  
  124  29:12  Zealot x2  
  87  30:21  Archon  
Show
View Real Time Build Order
Export as new Build Order

Reynor Zerg - Winner!

Build Orders: Pool First, Lurkers 

Get SALT Encoding   

  12  0:17  Spawning Pool  
  11  0:21  Drone  
  11  0:26  Drone  
  13  0:31  Drone  
  14  0:40  Overlord  
  14  1:03  Zergling x4  
  16  1:05  Zergling x2  
  17  1:15  Zergling x2  
  18  1:19  Hatchery  
  17  1:26  Zergling x2  
  18  1:37  Zergling x2, Queen  
  21  1:47  Overlord  
  21  2:00  Drone  
  22  2:11  Drone  
  21  2:16  Queen  
  21  2:22  Drone  
  24  2:28  Extractor  
  22  2:31  Drone  
  22  2:32  Drone  
  25  2:42  Drone x2  
  24  2:49  Drone x2  
  24  2:50  Drone  
  27  3:00  Hatchery  
  27  3:04  Drone  
  27  3:08  Drone  
  27  3:09  Drone  
  27  3:10  Drone  
  30  3:15  Drone  
  30  3:16  Drone  
  31  3:24  Overlord  
  31  3:29  Zergling x2  
  31  3:31  Zergling x2  
  31  3:32  Zergling x2  
  31  3:33  Zergling x2  
  35  3:36  Zergling x2  
  36  3:42  Metabolic Boost  
  36  3:45  Queen  
  38  3:51  Overlord  
  38  3:52  Drone  
  38  3:54  Drone  
  40  3:57  Drone  
  40  3:58  Drone  
  42  4:03  Drone x2  
  42  4:06  Overlord  
  44  4:12  Drone  
  44  4:14  Queen  
  48  4:17  Drone  
  48  4:22  Overlord  
  48  4:24  Drone  
  49  4:27  Queen  
  51  4:35  Drone x2  
  51  4:36  Drone  
  54  4:38  Drone  
  54  4:39  Drone x3  
  58  4:46  Evolution Chamber  
  58  4:47  Drone x3  
  60  4:52  Queen  
  60  4:56  Drone, Spore Crawler  
  60  4:59  Overlord  
  62  5:00  Drone  
  62  5:02  Drone  
  62  5:04  Drone  
  62  5:05  Drone  
  66  5:12  Zerg Melee Weapons Level 1  
  66  5:15  Overlord  
  66  5:18  Drone x4  
  66  5:19  Extractor  
  66  5:20  Spore Crawler  
  67  5:23  Drone x3  
  67  5:26  Spore Crawler  
  68  5:31  Drone x3  
  68  5:32  Overlord  
  68  5:34  Drone  
  68  5:35  Drone  
  72  5:36  Drone  
  72  5:42  Zergling x6  
  76  5:47  Overlord, Queen  
  76  5:49  Zergling x2  
  79  5:51  Zergling x2  
  79  5:53  Lair  
  79  5:56  Zergling x4  
  79  5:57  Zergling x2  
  83  6:02  Drone  
  83  6:03  Drone  
  83  6:06  Hatchery  
  83  6:08  Zergling x6  
  83  6:09  Drone x2  
  87  6:14  Zergling x4, Baneling Nest  
  87  6:16  Extractor  
  87  6:17  Drone  
  88  6:22  Overlord  
  88  6:25  Zergling x10  
  93  6:27  Zergling x2  
  93  6:31  Overlord  
  94  6:33  Zergling x2  
  94  6:35  Zergling x6  
  97  6:41  Spore Crawler  
  97  6:42  Overlord, Spore Crawler  
  97  6:44  Drone x2  
  98  6:48  Zergling x2  
  98  6:51  Zergling x12  
  102  6:54  Drone  
  102  6:55  Drone, Infestation Pit  
  102  6:59  Drone  
  104  7:06  Zerg Melee Weapons Level 2  
  104  7:07  Drone x2  
  106  7:09  Drone  
  107  7:15  Drone  
  107  7:17  Zergling x6  
  107  7:18  Zergling x4  
  107  7:19  Queen  
  107  7:21  Zergling x6  
  118  7:27  Overlord  
  117  7:30  Zergling x4  
  117  7:32  Drone  
  117  7:33  Drone x2, Hive  
  117  7:36  Hydralisk Den  
  121  7:37  Extractor  
  121  7:38  Extractor, Drone  
  121  7:40  Overlord  
  121  7:41  Drone  
  121  7:44  Drone  
  122  7:46  Drone x3  
  122  7:47  Drone  
  122  7:48  Drone x2  
  122  7:50  Drone x2  
  129  7:51  Drone  
  129  7:53  Centrifugal Hooks  
  129  7:54  Zergling x8  
  134  8:02  Overlord, Drone x2  
  134  8:05  Drone x2  
  138  8:06  Drone  
  138  8:08  Lurker Den, Drone  
  138  8:10  Evolution Chamber  
  138  8:11  Drone  
  138  8:12  Drone  
  140  8:13  Spine Crawler  
  140  8:16  Zergling x10  
  140  8:19  Overlord  
  143  8:20  Drone  
  143  8:21  Drone  
  144  8:32  Extractor  
  144  8:33  Drone x5, Hatchery  
  144  8:34  Overlord  
  147  8:35  Extractor  
  147  8:36  Extractor  
  144  8:48  Hydralisk x7  
  144  8:50  Zerg Missile Weapons Level 1, Hatchery  
  144  8:51  Drone x2  
  144  8:53  Spore Crawler  
  158  8:56  Hydralisk x2  
  162  9:05  Adrenal Glands  
  162  9:07  Seismic Spines  
  162  9:08  Zergling x14  
  162  9:10  Drone  
  162  9:13  Overlord  
  163  9:20  Zergling x12  
  163  9:23  Overlord x3  
  168  9:30  Overlord  
  168  9:37  Lurker  
  168  9:38  Lurker x4  
  173  9:39  Drone x3  
  173  9:41  Overlord  
  173  9:44  Drone x3  
  173  9:45  Zergling x4, Drone x2  
  181  9:46  Zergling x10  
  181  9:47  Lurker x2  
  181  9:50  Zergling x4  
  181  9:52  Zergling x4  
  193  9:54  Lurker  
  193  9:56  Lurker  
  195  10:00  Zergling x8  
  199  10:16  Spine Crawler  
  196  10:23  Baneling  
  196  10:24  Baneling x13  
  196  10:33  Baneling x6  
  195  10:36  Zergling x12  
  196  10:48  Drone x3  
  196  10:51  Lurker Den  
  176  10:58  Zergling x36  
  176  10:59  Zergling x10  
  176  11:01  Hydralisk x2  
  176  11:02  Zergling x8  
  198  11:06  Zergling x6  
  198  11:09  Hydralisk  
  198  11:10  Zergling x2  
  200  11:21  Zergling x14, Hydralisk x2  
  200  11:22  Zergling x2  
  200  11:24  Hydralisk  
  183  11:28  Hydralisk  
  183  11:30  Zergling x2, Hydralisk  
  181  11:34  Hydralisk  
  181  11:35  Zergling x10, Hydralisk  
  181  11:38  Hydralisk  
  182  11:40  Hydralisk  
  182  11:41  Zergling x4  
  182  11:44  Zerg Missile Weapons Level 2, Drone x2, Spire  
  184  11:50  Lurker x5, Adaptive Talons  
  184  11:51  Zergling x6  
  192  11:54  Drone  
  192  11:55  Drone x2  
  192  11:57  Drone  
  192  11:58  Zergling x2  
  192  12:00  Lurker x3  
  200  12:01  Baneling  
  200  12:02  Overseer  
  200  12:03  Pneumatized Carapace  
  200  12:06  Zergling x8  
  195  12:17  Lurker x4  
  195  12:20  Drone  
  195  12:22  Extractor  
  199  12:23  Extractor, Spine Crawler  
  199  12:24  Extractor  
  199  12:25  Extractor  
  185  12:38  Zergling x24  
  185  12:42  Zergling x2  
  185  12:43  Drone x2  
  185  12:44  Drone x2  
  186  12:45  Zergling x18, Spire  
  186  12:51  Zergling x4, Nydus Network, Hydralisk  
  179  12:53  Drone x3  
  179  12:54  Queen  
  179  12:58  Spore Crawler x3  
  183  13:00  Drone x2  
  183  13:01  Drone x3, Queen  
  183  13:04  Spore Crawler  
  188  13:05  Drone x3, Spine Crawler  
  188  13:06  Spine Crawler x2  
  188  13:12  Overseer  
  187  13:15  Zerg Flyer Weapons Level 1, Viper x2  
  191  13:21  Drone x3, Spore Crawler x2  
  191  13:22  Spore Crawler x3  
  191  13:23  Spore Crawler  
  191  13:24  Corruptor x7  
  195  13:31  Corruptor x2  
  199  13:43  Nydus Canal, Spore Crawler x2  
  199  13:44  Spore Crawler  
  195  13:51  Corruptor x2  
  194  14:14  Drone x2, Zerg Flyer Armor Level 1  
  194  14:15  Drone, Overseer  
  190  14:17  Corruptor x5  
  190  14:20  Nydus Canal  
  200  14:31  Spore Crawler  
  200  14:32  Spine Crawler  
  200  14:33  Spine Crawler x2  
  200  14:35  Drone x4, Spine Crawler  
  200  14:38  Nydus Canal  
  197  14:51  Hydralisk x4  
  197  15:06  Nydus Canal  
  197  15:15  Corruptor  
  199  15:26  Nydus Canal  
  199  15:31  Zerg Flyer Weapons Level 2  
  199  15:40  Lurker  
  200  15:46  Spore Crawler  
  200  15:47  Spine Crawler, Spore Crawler x2  
  200  15:49  Spore Crawler  
  195  15:55  Burrow  
  195  15:57  Overseer x3  
  195  15:59  Lurker x3  
  195  16:01  Hatchery  
  197  16:04  Spore Crawler  
  197  16:05  Spore Crawler x3  
  197  16:07  Zerg Melee Weapons Level 3, Spore Crawler x3  
  197  16:08  Infestor, Spore Crawler  
  197  16:09  Infestor x3, Spore Crawler  
  197  16:10  Spore Crawler  
  195  16:11  Hatchery  
  195  16:12  Overseer  
  195  16:16  Corruptor x4  
  197  16:46  Nydus Canal  
  197  16:57  Overseer  
  192  17:16  Nydus Canal  
  192  17:21  Viper x2  
  198  17:49  Extractor  
  198  17:50  Extractor  
  194  17:57  Zergling x16  
  194  17:58  Zergling x4  
  200  18:01  Nydus Canal  
  200  18:07  Overlord  
  197  18:17  Nydus Canal  
  197  18:21  Drone x3  
  197  18:24  Spore Crawler  
  197  18:26  Spore Crawler  
  198  18:27  Zerg Flyer Armor Level 2  
  198  18:28  Overseer, Greater Spire  
  198  18:29  Zerg Missile Weapons Level 3  
  198  18:31  Ultralisk Cavern  
  197  18:44  Nydus Canal, Zerg Ground Armor Level 1  
  195  19:02  Overseer  
  192  19:09  Corruptor x4  
  197  19:23  Spine Crawler  
  197  19:24  Zergling x16  
  197  19:25  Spore Crawler  
  181  19:37  Zergling x6  
  181  19:38  Zergling x16  
  190  19:44  Brood Lord x2  
  190  19:45  Brood Lord x3  
  184  20:09  Brood Lord x3  
  184  20:10  Drone  
  184  20:11  Drone x7  
  184  20:14  Extractor  
  196  20:15  Extractor  
  196  20:18  Nydus Canal  
  195  20:33  Drone x3  
  198  20:38  Spore Crawler  
  198  20:39  Spine Crawler  
  196  20:43  Zerg Flyer Weapons Level 3  
  196  20:45  Zerg Flyer Armor Level 3  
  196  20:52  Hatchery  
  196  20:53  Spore Crawler x2  
  191  21:08  Spore Crawler  
  191  21:09  Spore Crawler  
  191  21:10  Corruptor x7  
  199  21:14  Drone x2  
  199  21:44  Spore Crawler  
  199  21:45  Spore Crawler  
  199  21:46  Spore Crawler  
  196  21:49  Pathogen Glands  
  196  21:52  Nydus Canal  
  196  22:00  Corruptor  
  198  22:08  Spore Crawler  
  198  22:09  Spine Crawler x2, Spore Crawler x2  
  198  22:14  Zergling x14  
  191  22:23  Zergling x18  
  200  22:45  Neural Parasite  
  196  23:00  Drone x3  
  199  23:10  Spore Crawler x2  
  199  23:11  Spore Crawler  
  196  23:15  Drone x3  
  199  23:25  Chitinous Plating  
  199  23:27  Ultralisk x2  
  196  23:44  Viper  
  199  24:06  Zergling x2  
  200  24:31  Spore Crawler  
  197  24:47  Corruptor x2  
  198  24:56  Extractor  
  198  24:57  Extractor  
  196  25:05  Zergling x8  
  195  25:24  Zergling x10  
  195  25:27  Overlord  
  197  25:40  Corruptor x2  
  199  25:49  Drone  
  200  25:52  Spore Crawler  
  200  25:54  Spore Crawler  
  198  26:03  Overseer  
  191  26:08  Overlord, Corruptor  
  187  26:19  Brood Lord x6  
  199  26:32  Drone  
  200  26:39  Spore Crawler  
  199  26:40  Spore Crawler  
  197  26:55  Spore Crawler  
  197  26:56  Infestor  
  197  26:57  Spine Crawler, Spore Crawler  
  196  27:11  Spore Crawler  
  196  27:12  Spore Crawler x2  
  193  27:17  Corruptor x2  
  193  27:18  Corruptor  
  199  27:27  Overlord  
  199  27:43  Overlord  
  188  27:52  Corruptor x2  
  188  27:53  Corruptor x2  
  194  27:59  Zergling x2  
  194  28:00  Zergling x8  
  196  28:30  Infestor x4  
  197  28:34  Overlord  
  197  28:39  Corruptor x2  
  197  28:40  Corruptor x3  
  195  28:54  Corruptor x3  
  199  28:56  Overlord  
  195  29:03  Corruptor x3, Spore Crawler x2  
  165  29:31  Corruptor x3  
  149  29:38  Ultralisk  
  149  29:39  Ultralisk x5  
  149  29:43  Zergling x2  
  149  29:44  Zergling x18  
  193  29:46  Overlord  
Tags
 
Add a new tag
Caveats
  • Supply blocks, unpowered buildings, or Contaminate may cause inaccurate times.
  • Supply counts are checked every 10 seconds.